| TOP OF THE 1ST |
|
Oklahoma City 89ers batting - Pitching for Denver Bears : RHP George Stablein
|
|
Pitching: RHP George Stablein
|
|
|
Batting: RHB Tim Tolman
|
0-0: Ball 1-0: Fly out, F8 (Flyball, 89XD, EV 103.1 MPH)
|
|
Batting: RHB Danny Jasso
|
0-0: Ball 1-0: Ball 2-0: Ground out 3-1 (Groundball, 34, EV 81.9 MPH)
|
|
Batting: LHB Tom O'Malley
|
0-0: Ball 1-0: Foul Ball, location: 2F 1-1: Ground out 4-3 (Groundball, 4S, EV 84.4 MPH)
|
| Top of the 1st over - 0 runs, 0 hits, 0 errors, 0 left on base; Oklahoma City 0 - Denver 0 |
| BOTTOM OF THE 1ST |
|
Denver Bears batting - Pitching for Oklahoma City 89ers : LHP Mark Langston
|
|
Pitching: LHP Mark Langston
|
|
|
Batting: LHB Dallas Williams
|
0-0: Called Strike 0-1: Ball 1-1: Foul Ball, location: 2F 1-2: Foul Ball, location: 2F 1-2: Strikes out looking
|
|
Batting: RHB Adolfo Feliz
|
0-0: Called Strike 0-1: DOUBLE (Line Drive, 9LS, EV 109.4 MPH)
|
|
Batting: RHB George A Bell
|
0-0: Called Strike 0-1: Foul Ball, location: 2F 0-2: Ball 1-2: Strikes out swinging
|
|
Batting: RHB Victor Woods
|
0-0: Ball 1-0: Ball 2-0: Foul Ball, location: 2F 2-1: Foul Ball, location: 2F 2-2: Foul Ball, location: 2F 2-2: Foul Ball, location: 2F 2-2: Ball 3-2: Base on Balls
|
|
Batting: RHB Juan Alvarez
|
0-0: Ball 1-0: Fly out, F4 (Popup, 34S, EV 72.5 MPH)
|
| Bottom of the 1st over - 0 runs, 1 hit, 0 errors, 2 left on base; Oklahoma City 0 - Denver 0 |
| TOP OF THE 2ND |
|
Oklahoma City 89ers batting - Pitching for Denver Bears : RHP George Stablein
|
|
Batting: RHB Glenn Braggs
|
0-0: Ball 1-0: Fly out, F9 (Flyball, 9D, EV 100.6 MPH)
|
|
Batting: RHB Nick Esasky
|
0-0: Called Strike 0-1: Swinging Strike 0-2: SINGLE (Line Drive, 8LS, EV 108.1 MPH)
|
|
Batting: RHB Joe Redfield
|
0-0: Called Strike 0-1: Called Strike 0-2: Fly out, F1 (Line Drive, P, EV 68.1 MPH) Lined into DP, 1-3 (Line Drive, P, EV 69.4 MPH)
|
| Top of the 2nd over - 0 runs, 1 hit, 0 errors, 0 left on base; Oklahoma City 0 - Denver 0 |
| BOTTOM OF THE 2ND |
|
Denver Bears batting - Pitching for Oklahoma City 89ers : LHP Mark Langston
|
|
Batting: LHB Tom Beyers
|
0-0: Ball 1-0: Ball 2-0: Called Strike 2-1: SINGLE (Line Drive, 34D, EV 104.4 MPH)
|
|
Batting: RHB Raymond Borucki
|
0-0: Ball 1-0: Ball 2-0: Ball 3-0: Base on Balls Tom Beyers to second
|
|
Batting: LHB Larry Donofrio
|
0-0: Ball 1-0: Ball 2-0: Foul Ball, location: 2F 2-1: Ball 3-1: Base on Balls Tom Beyers to third Raymond Borucki to second
|
|
Batting: RHB Gomez Barahona
|
0-0: Ball 1-0: Swinging Strike 1-1: SINGLE (Groundball, 6MD, EV 101.9 MPH) Tom Beyers scores Raymond Borucki to third Larry Donofrio to second
|
|
Batting: LHB Dallas Williams
|
0-0: Foul Ball, location: 2F 0-1: Fielders Choice at 2nd, 6-4 (Groundball, 56D, EV 89.4 MPH) Raymond Borucki scores Larry Donofrio to third
|
|
Batting: RHB Adolfo Feliz
|
0-0: Called Strike 0-1: DOUBLE (Line Drive, 78XD, EV 101.9 MPH) Larry Donofrio scores Dallas Williams to third Runner from 3rd tries for Home, SAFE, throw by LF to trailing runner, SAFE at third!
|
|
Batting: RHB George A Bell
|
0-0: Called Strike 0-1: Swinging Strike 0-2: Ball 1-2: Strikes out swinging
|
|
Batting: RHB Victor Woods
|
0-0: Ball 1-0: Ball 2-0: Ball 3-0: Base on Balls
|
|
Batting: RHB Juan Alvarez
|
0-0: Called Strike 0-1: Fly out, F8 (Flyball, 8LM, EV 87.5 MPH)
|
| Bottom of the 2nd over - 4 runs, 3 hits, 0 errors, 2 left on base; Oklahoma City 0 - Denver 4 |
| TOP OF THE 3RD |
|
Oklahoma City 89ers batting - Pitching for Denver Bears : RHP George Stablein
|
|
Batting: LHB Jorge Oquendo
|
0-0: Called Strike 0-1: Called Strike 0-2: Strikes out swinging
|
|
Batting: RHB Ron Tingley
|
0-0: Ball 1-0: Foul Ball, location: 2F 1-1: Ball 2-1: SINGLE (Line Drive, 8RS, EV 94.4 MPH)
|
|
Batting: RHB Robert Bailey
|
0-0: Called Strike 0-1: Ball 1-1: Swinging Strike 1-2: Ball 2-2: Foul Ball, location: 2F 2-2: Strikes out looking Ron Tingley steals 2nd base Batter strikes out.
|
|
Batting: RHB Tim Tolman
|
0-0: Ball 1-0: Called Strike 1-1: Swinging Strike 1-2: Ball 2-2: Foul Ball, location: 2F 2-2: Foul Ball, location: 2F 2-2: DOUBLE (Line Drive, 8RXD, EV 107.5 MPH) Ron Tingley scores
|
|
Batting: RHB Danny Jasso
|
0-0: Ball 1-0: Called Strike 1-1: Ball 2-1: Ball 3-1: Base on Balls
|
|
Batting: LHB Tom O'Malley
|
0-0: Ball 1-0: Ball 2-0: Ball 3-0: Base on Balls Tim Tolman to third Danny Jasso to second
|
|
Batting: RHB Glenn Braggs
|
0-0: Foul Ball, location: 2F 0-1: Ball 1-1: Foul Ball, location: 2F 1-2: Foul Ball, location: 2F 1-2: Foul Ball, location: 2F 1-2: Ball 2-2: Strikes out looking
|
| Top of the 3rd over - 1 run, 2 hits, 0 errors, 3 left on base; Oklahoma City 1 - Denver 4 |
| BOTTOM OF THE 3RD |
|
Denver Bears batting - Pitching for Oklahoma City 89ers : LHP Mark Langston
|
|
Batting: LHB Tom Beyers
|
0-0: Foul Ball, location: 2F 0-1: Ball 1-1: Fly out, F8 (Flyball, 89D, EV 106.9 MPH)
|
|
Batting: RHB Raymond Borucki
|
0-0: Called Strike 0-1: Called Strike 0-2: Ball 1-2: Foul Ball, location: 2F 1-2: Strikes out swinging
|
|
Batting: LHB Larry Donofrio
|
0-0: Ball 1-0: Swinging Strike 1-1: Ball 2-1: Foul Ball, location: 2F 2-2: Foul Ball, location: 2F 2-2: Strikes out looking
|
| Bottom of the 3rd over - 0 runs, 0 hits, 0 errors, 0 left on base; Oklahoma City 1 - Denver 4 |
| TOP OF THE 4TH |
|
Oklahoma City 89ers batting - Pitching for Denver Bears : RHP George Stablein
|
|
Batting: RHB Nick Esasky
|
0-0: Ground out 5-3 (Groundball, 56, EV 98.1 MPH)
|
|
Batting: RHB Joe Redfield
|
0-0: Fly out, F8 (Flyball, 8RM, EV 80.0 MPH)
|
|
Batting: LHB Jorge Oquendo
|
0-0: Ball 1-0: Foul Ball, location: 2F 1-1: Ball 2-1: Ground out 6-3 (Groundball, 6, EV 85.0 MPH)
|
| Top of the 4th over - 0 runs, 0 hits, 0 errors, 0 left on base; Oklahoma City 1 - Denver 4 |
| BOTTOM OF THE 4TH |
|
Denver Bears batting - Pitching for Oklahoma City 89ers : LHP Mark Langston
|
|
Batting: RHB Gomez Barahona
|
0-0: Foul Ball, location: 2F 0-1: Ball 1-1: Ground out 5-3 (Groundball, 5L, EV 86.3 MPH)
|
|
Batting: LHB Dallas Williams
|
0-0: Called Strike 0-1: Ball 1-1: Ground out 2-3 (Groundball, 13S, EV 66.9 MPH)
|
|
Batting: RHB Adolfo Feliz
|
0-0: Ground out 5-3 (Groundball, 56S, EV 91.3 MPH)
|
| Bottom of the 4th over - 0 runs, 0 hits, 0 errors, 0 left on base; Oklahoma City 1 - Denver 4 |
| TOP OF THE 5TH |
|
Oklahoma City 89ers batting - Pitching for Denver Bears : RHP George Stablein
|
|
Batting: RHB Ron Tingley
|
0-0: Ball 1-0: Ground out 6-3 (Groundball, 6, EV 106.9 MPH)
|
|
Batting: RHB Robert Bailey
|
0-0: Ground out 6-3 (Groundball, 6D, EV 88.1 MPH)
|
|
Batting: RHB Tim Tolman
|
0-0: Called Strike 0-1: Ball 1-1: Fly out, F9 (Flyball, 9S, EV 93.1 MPH)
|
| Top of the 5th over - 0 runs, 0 hits, 0 errors, 0 left on base; Oklahoma City 1 - Denver 4 |
| BOTTOM OF THE 5TH |
|
Denver Bears batting - Pitching for Oklahoma City 89ers : LHP Mark Langston
|
|
Batting: RHB George A Bell
|
0-0: Fly out, F3 (Popup, 3SF, EV 81.3 MPH)
|
|
Batting: RHB Victor Woods
|
0-0: Ball 1-0: Called Strike 1-1: DOUBLE (Line Drive, 9LM, EV 111.9 MPH)
|
|
Batting: RHB Juan Alvarez
|
0-0: Intentional Walk
|
|
Batting: LHB Tom Beyers
|
0-0: Ball 1-0: Foul Ball, location: 2F 1-1: Foul Ball, location: 2F 1-2: Strikes out swinging
|
|
Batting: RHB Raymond Borucki
|
0-0: Called Strike 0-1: Ball 1-1: Called Strike 1-2: Foul Ball, location: 2F 1-2: Ball 2-2: Ball 3-2: Base on Balls Victor Woods to third Juan Alvarez to second
|
|
Batting: LHB Larry Donofrio
|
0-0: Foul Ball, location: 2F 0-1: Foul Ball, location: 2F 0-2: Foul Ball, location: 2F 0-2: Ball 1-2: Ground out 4-3 (Groundball, 4, EV 85.0 MPH)
|
| Bottom of the 5th over - 0 runs, 1 hit, 0 errors, 3 left on base; Oklahoma City 1 - Denver 4 |
| TOP OF THE 6TH |
|
Oklahoma City 89ers batting - Pitching for Denver Bears : RHP George Stablein
|
|
Batting: RHB Danny Jasso
|
0-0: Foul Ball, location: 2F 0-1: Ground out 6-3 (Groundball, 56, EV 86.9 MPH)
|
|
Batting: LHB Tom O'Malley
|
0-0: Ball 1-0: Ball 2-0: Ball 3-0: Called Strike 3-1: Foul Ball, location: 2F 3-2: Base on Balls
|
|
Batting: RHB Glenn Braggs
|
0-0: Ball 1-0: Foul Ball, location: 2F 1-1: Foul Ball, location: 2F 1-2: Ball 2-2: Strikes out looking
|
|
Batting: RHB Nick Esasky
|
0-0: 2-RUN HOME RUN (Flyball, 89XD, EV 96.9 MPH), Distance : 402 ft
|
|
Batting: RHB Joe Redfield
|
0-0: Ball 1-0: Swinging Strike 1-1: Foul Ball, location: 2F 1-2: Foul Ball, location: 2F 1-2: Foul Ball, location: 2F 1-2: Strikes out looking
|
| Top of the 6th over - 2 runs, 1 hit, 0 errors, 0 left on base; Oklahoma City 3 - Denver 4 |
| BOTTOM OF THE 6TH |
|
Denver Bears batting - Pitching for Oklahoma City 89ers : LHP Mark Langston
|
|
Batting: RHB Gomez Barahona
|
0-0: Ball 1-0: Ball 2-0: Ball 3-0: Called Strike 3-1: Foul Ball, location: 2F 3-2: Base on Balls
|
|
Batting: LHB Dallas Williams
|
0-0: Called Strike 0-1: Ball 1-1: Ball 2-1: Swinging Strike 2-2: Foul Ball, location: 2F 2-2: SINGLE (Line Drive, 6D, EV 103.1 MPH) Gomez Barahona to second Runner from 2nd tries for 3rd, SAFE, throw by CF made to third
|
|
Batting: RHB Adolfo Feliz
|
0-0: Swinging Strike 0-1: Ball 1-1: Foul Ball, location: 2F 1-2: Foul Ball, location: 2F 1-2: Ball 2-2: Fly out, F7 (Flyball, 7D, EV 99.4 MPH) Runner from 3rd tags up, OUT at HOME! 7-2 Dallas Williams to second
|
|
Batting: RHB George A Bell
|
0-0: Intentional Walk
|
|
Batting: RHB Victor Woods
|
0-0: Ball 1-0: Ball 2-0: Called Strike 2-1: Ground out 4-3 (Groundball, 4, EV 90.6 MPH)
|
| Bottom of the 6th over - 0 runs, 1 hit, 0 errors, 2 left on base; Oklahoma City 3 - Denver 4 |
| TOP OF THE 7TH |
|
Oklahoma City 89ers batting - Pitching for Denver Bears : RHP George Stablein
|
|
Batting: LHB Jorge Oquendo
|
0-0: Fly out, F6 (Popup, 6S, EV 79.4 MPH)
|
|
Batting: RHB Ron Tingley
|
0-0: Ball 1-0: Called Strike 1-1: Ground out 2-3 (Groundball, 2L, EV 67.5 MPH)
|
|
Batting: RHB Robert Bailey
|
0-0: Foul Ball, location: 2F 0-1: Ball 1-1: Foul Ball, location: 2F 1-2: Strikes out looking
|
| Top of the 7th over - 0 runs, 0 hits, 0 errors, 0 left on base; Oklahoma City 3 - Denver 4 |
| BOTTOM OF THE 7TH |
|
Denver Bears batting - Pitching for Oklahoma City 89ers : LHP Mark Langston
|
|
Batting: RHB Juan Alvarez
|
0-0: Ball 1-0: Fly out, F7 (Line Drive, 7, EV 91.9 MPH)
|
|
Batting: LHB Tom Beyers
|
0-0: Called Strike 0-1: Ball 1-1: Fly out, F9 (Flyball, 89M, EV 87.5 MPH)
|
|
Batting: RHB Raymond Borucki
|
0-0: Called Strike 0-1: Called Strike 0-2: Ball 1-2: Reached on error, E5 (Groundball, 56, EV 100.6 MPH)
|
|
Batting: LHB Larry Donofrio
|
0-0: Ball 1-0: Ball 2-0: Called Strike 2-1: Ball 3-1: Fly out, F5 (Popup, 25, EV 85.6 MPH)
|
| Bottom of the 7th over - 0 runs, 0 hits, 1 error, 1 left on base; Oklahoma City 3 - Denver 4 |
| TOP OF THE 8TH |
|
Oklahoma City 89ers batting - Pitching for Denver Bears : RHP George Stablein
|
|
Now at 1B: Frank Lucy
|
|
|
Batting: RHB Tim Tolman
|
0-0: Ball 1-0: Foul Ball, location: 2F 1-1: Ball 2-1: Ball 3-1: Fly out, F4 (Flyball, 4D, EV 81.9 MPH)
|
|
Batting: RHB Danny Jasso
|
0-0: Ball 1-0: Ground out 6-3 (Groundball, 6, EV 85.0 MPH)
|
|
Batting: LHB Tom O'Malley
|
0-0: Foul Ball, location: 2F 0-1: Foul Ball, location: 2F 0-2: Ball 1-2: SINGLE (Line Drive, 6D, EV 105.0 MPH)
|
|
Batting: RHB Glenn Braggs
|
0-0: Called Strike 0-1: Foul Ball, location: 2F 0-2: Fly out, F8 (Flyball, 8LD, EV 103.8 MPH)
|
| Top of the 8th over - 0 runs, 1 hit, 0 errors, 1 left on base; Oklahoma City 3 - Denver 4 |
| BOTTOM OF THE 8TH |
|
Denver Bears batting - Pitching for Oklahoma City 89ers : LHP Mark Langston
|
|
Batting: RHB Gomez Barahona
|
0-0: Ball 1-0: Called Strike 1-1: Called Strike 1-2: Ball 2-2: Strikes out looking
|
|
Batting: LHB Dallas Williams
|
0-0: Ball 1-0: Called Strike 1-1: Foul Ball, location: 2F 1-2: Foul Ball, location: 2F 1-2: Ball 2-2: Ball 3-2: Fly out, F7 (Line Drive, 7D, EV 86.3 MPH)
|
|
Batting: RHB Adolfo Feliz
|
0-0: Called Strike 0-1: Ball 1-1: Called Strike 1-2: Foul Ball, location: 2F 1-2: Foul Ball, location: 2F 1-2: Strikes out looking
|
| Bottom of the 8th over - 0 runs, 0 hits, 0 errors, 0 left on base; Oklahoma City 3 - Denver 4 |
| TOP OF THE 9TH |
|
Oklahoma City 89ers batting - Pitching for Denver Bears : RHP George Stablein
|
|
Pitching: LHP Jake Zorbas
|
|
|
Batting: RHB Nick Esasky
|
0-0: Swinging Strike 0-1: Ball 1-1: Ground out 2-3 (Groundball, 15S, EV 68.8 MPH)
|
|
Pinch Hitting: RHB Cecil Fielder
|
0-0: Ball 1-0: Ball 2-0: Ball 3-0: Base on Balls
|
|
Pinch Hitting: RHB David Green
|
0-0: Ball 1-0: 2-RUN HOME RUN (Flyball, 7D, EV 101.3 MPH), Distance : 369 ft
|
|
Batting: RHB Ron Tingley
|
0-0: Called Strike 0-1: Ball 1-1: Ball 2-1: Called Strike 2-2: Foul Ball, location: 2F 2-2: Foul Ball, location: 2F 2-2: Ground out 6-3 (Groundball, 6, EV 110.6 MPH)
|
|
Batting: RHB Robert Bailey
|
0-0: Ball 1-0: Ground out 4-3 (Groundball, 4, EV 106.3 MPH)
|
| Top of the 9th over - 2 runs, 1 hit, 0 errors, 0 left on base; Oklahoma City 5 - Denver 4 |
| BOTTOM OF THE 9TH |
|
Denver Bears batting - Pitching for Oklahoma City 89ers : LHP Mark Langston
|
|
Pitching: RHP Ernie Camacho
|
|
|
Now at 1B: Cecil Fielder
|
|
|
Now in RF: Peter Reppucci
|
|
|
Batting: RHB George A Bell
|
0-0: Ball 1-0: Called Strike 1-1: Ball 2-1: Ball 3-1: Fly out, F9 (Line Drive, 9, EV 87.5 MPH)
|
|
Batting: LHB Danny Heep
|
0-0: Ball 1-0: Ball 2-0: Called Strike 2-1: Ball 3-1: Fly out, F2 (Popup, 25F, EV 76.3 MPH)
|
|
Pinch Hitting: LHB Terry Francona
|
0-0: Called Strike 0-1: Ball 1-1: Foul Ball, location: 2F 1-2: Fly out, F7 (Flyball, 7D, EV 91.3 MPH)
|
| Bottom of the 9th over - 0 runs, 0 hits, 0 errors, 0 left on base; Oklahoma City 5 - Denver 4 |
|